 Dungeon Crawl Stone Soup version 0.17.1-3-g152610e (webtiles) character file.

81696 abraxo the Cleaver (level 15, 0/119 HPs)
             Began as a Demonspawn Wanderer on Mar 1, 2016.
             Was an Initiate of Gozag.
             Slain by a wolf spider (10 damage)
             ... on level 1 of the Spider Nest on Mar 6, 2016.
             The game lasted 02:27:47 (39460 turns).

abraxo the Cleaver (Demonspawn Wanderer)           Turns: 39460, Time: 02:27:47

Health: 0/119      AC: 32    Str: 10    XL:     15   Next: 27%
Magic:  25/25      EV: 12    Int: 19    God:    Gozag
Gold:   8311       SH:  0    Dex: 16    Spells: 3 memorised, 15 levels left

rFire  + . .     SeeInvis .     v - +3 battleaxe (freeze)
rCold  + + +     Clarity  +     d - +7 ice dragon armour "Ewosaunt" {+Fly rElec rF- rC++ MR- rCorr}
rNeg   . . .     SustAt   .     (shield currently unavailable)
rPois  +         Gourm    .     u - +0 helmet of Conscience {rF+ Stlth+}
rElec  +         Spirit   .     t - +1 cloak {MR+}
rCorr  +         Warding  .     i - +1 pair of gloves of the Dungeon {rElec}
rMut   .         Stasis   .     c - +0 pair of boots
MR     +....                    w - amulet of clarity
Stlth  +++.......               K - ring of poison resistance
                                G - ring of Afrin {Wiz *Drain rC++}

@: somewhat resistant to hostile enchantments, fairly stealthy
A: molten scales 3, camouflage 1, poison resistance, spiny 2, evolution 1
a: Potion Petition, Call Merchant, Bribe Branch, Renounce Religion, Evoke Flight


You were on level 1 of the Spider Nest.
You worshipped Gozag.
Gozag was noncommittal.
You were hungry.

You visited 5 branches of the dungeon, and saw 26 of its levels.
You also visited: Ossuary and Bailey.

You collected 8944 gold pieces.
You spent 514 gold pieces at shops.
You paid 119 gold pieces to Gozag.

Inventory:

Hand Weapons
 f - a +4 broad axe of flaming
 h - a +2 dagger of draining
 v - a +3 battleaxe of freezing (weapon)
 S - a +5 war axe of electrocution
Missiles
 n - 3 curare-tipped needles
Armour
 c - a +0 pair of boots (worn)
 d - the +7 ice dragon armour "Ewosaunt" (worn) {+Fly rElec rF- rC++ MR- rCorr}
   (You took it off a crimson imp on level 12 of the Dungeon)

   It makes you vulnerable to fire.
   It greatly protects you from cold.
   It insulates you from electricity.
   It affects your resistance to hostile enchantments.
   It lets you fly.
   It protects you from acid and corrosion.
 e - a +0 hat of intelligence
 i - the +1 pair of gloves of the Dungeon (worn) {rElec}
   (You found it on level 6 of the Dungeon)

   It insulates you from electricity.
 t - a +1 cloak of magic resistance (worn)
 u - the +0 helmet of Conscience (worn) {rF+ Stlth+}
   (You bought it in a shop on level 3 of the Orcish Mines)

   It protects you from fire.
   It makes you more stealthy.
 E - the +0 helmet "Qewk" {Int+8 Dex-5}
   (You found it on level 6 of the Dungeon)

   It affects your intelligence (+8).
   It affects your dexterity (-5).
 O - a +5 plate armour
Jewellery
 l - an uncursed amulet of the gourmand
 r - an uncursed ring of ice
 w - an amulet of clarity (around neck)
 F - the ring of False Pretenses {Fire rElec Int+4}
   (You found it on level 1 of the Lair of Beasts)

   [ring of fire]

   It enhances your fire magic, and weakens your ice magic.
   It affects your intelligence (+4).
   It protects you from fire.
   It makes you vulnerable to cold.
   It insulates you from electricity.
 G - the ring of Afrin (left hand) {Wiz *Drain rC++}
   (You found it on level 13 of the Dungeon)

   [ring of wizardry]

   It improves your spell success rate.
   It greatly protects you from cold.
   It causes draining when unequipped.
 H - an uncursed amulet of rage
 I - an uncursed ring of teleportation
 J - an uncursed ring of see invisible
 K - a ring of poison resistance (right hand)
 N - an uncursed ring of protection from magic
 W - an uncursed amulet of resist mutation
Wands
 a - a wand of cold (9)
 j - a wand of draining (7)
 C - a wand of polymorph (10)
 R - a wand of frost (21)
 V - a wand of confusion (11)
 X - a wand of flame (27)
Scrolls
 b - 2 scrolls of fear
 k - 3 scrolls of teleportation
 m - 6 scrolls of identify
 s - 2 scrolls of magic mapping
 x - a scroll of blinking
 y - 8 scrolls of remove curse
 M - 2 scrolls of amnesia
 P - a scroll of enchant weapon
Potions
 g - 2 potions of might
 o - 2 potions of brilliance
 q - 2 potions of resistance
 z - 2 potions of agility
 A - 7 potions of curing
 B - 2 potions of haste
 D - a potion of cancellation
 L - a potion of invisibility
 Q - 2 potions of flight
Comestibles
 p - 5 meat rations


   Skills:
 - Level 11.2 Fighting
 + Level 11.3 Axes
 - Level 1.0 Throwing
 + Level 11.2 Armour
 - Level 9.6 Dodging
 - Level 2.6 Stealth
   Level 6.6 Shields
 - Level 7.2 Spellcasting
 - Level 5.6 Conjurations
 - Level 5.0 Charms
 - Level 2.9 Necromancy
 - Level 2.1 Transmutations
 - Level 4.9 Air Magic
 - Level 5.4 Earth Magic


You had 15 spell levels left.
You knew the following spells:

 Your Spells              Type           Power        Failure   Level  Hunger
a - Stone Arrow           Conj/Erth      ####..       9%          3    #......
b - Repel Missiles        Chrm/Air       ####..       6%          2    None
c - Necromutation         Trmt/Necr      ###.......   100%        8    #######


Dungeon Overview and Level Annotations

Branches:
Dungeon (14/15)            Temple (1/1) D:4            Lair (7/8) D:11
  Swamp (0/4) Lair:4       Spider (1/4) Lair:3        Slime (0/6) Lair:7
    Orc (3/4) D:12            Elf (0/3) Orc:3        Vaults (0/5) D:13

Altars:
Ashenzari
Cheibriados
Elyvilon
Fedhas
Gozag
Kikubaaqudgha
Makhleb
Nemelex Xobeh
Okawaru
Qazlal
Ru
Sif Muna
Trog
Vehumet
Xom
Yredelemnul
Zin
The Shining One
Jiyva

Shops:
D:4 }   D:14 (   Orc:2 =   Orc:3 (:[(

Annotations:
D:11 Sonja
Lair:6 Glider's ghost, journeyman TrMo


Innate Abilities, Weirdness & Mutations

You are completely covered in molten scales (AC +4, EV -1, rF+).
You are mostly covered in sharp spines.
Your skin changes colour to match your surroundings (Stealth).
Your system is resistant to poisons.
You evolve.


Message History

The jumping spider is struck by your spines.
The jumping spider barely misses you.
The jumping spider completely misses you.
The wolf spider is struck by your spines.
The wolf spider hits you but does no damage.
The wolf spider bites you but does no damage.
The jumping spider is struck by your spines.
The jumping spider pounces on you but does no damage.
The jumping spider misses you.
The jumping spider leaps!
The wolf spider hits you.
* * * LOW HITPOINT WARNING * * *
The wolf spider closely misses you.
The wolf spider hits you but does no damage.
The wolf spider bites you but does no damage.
The wolf spider is struck by your spines.
The wolf spider barely misses you.
The wolf spider bites you but does no damage.
The wolf spider hits you!
You die...
Your body crumbles into a pile of gold.

#### ####### #####
#..#####.....## #.... ....#
#...##........### ##....
.....###.......s@...#.######.....
.....#.......s.........#.........
.....##......#>.......##.........
......##...s######......^......^#
.......#^$...#.#.#≈..............
.......##$.......≈≈##............
#.............≈≈≈≈...##........
#........$....≈≈≈≈#...##..#....
##.>......$....≈≈.......####...#


You could see a wolf spider, an orb spider and a jumping spider.

Vanquished Creatures
  Agnes (D:14)
  An orc warlord (Orc:3)
  Azrael (D:13)
  A salamander stormcaller (D:14)
  2 vault guards (D:13)
  Fannar (Orc:1)
  6 hydras
  A queen ant (Lair:6)
  An ogre mage (D:14)
  2 centaur warriors (D:12)
  9 death yaks
  A tengu warrior (D:14)
  Urug (D:14)
  A wizard (D:13)
  A deep elf knight (Bailey)
  4 hill giants
  Pikel (D:9)
  A hornet (shapeshifter) (D:13)
  3 unseen horrors
  An orc knight (D:12)
  A necromancer (D:13)
  4 orb spiders
  4 ugly things
  2 wolf spiders (Spider:1)
  4 cyclopes
  4 elephants (Lair:7)
  12 spiny frogs
  A gargoyle (D:12)
  6 black mambas
  A yaktaur (D:13)
  A kobold demonologist (D:12)
  2 demonic crawlers (Spider:1)
  A jumping spider (Spider:1)
  8 komodo dragons
  A fire drake (Lair:4)
  A tengu conjurer (D:14)
  A polar bear (Lair:1)
  2 two-headed ogres
  A queen bee (D:10)
  7 trolls
  5 blink frogs
  A trapdoor spider zombie (D:10)
  2 wyverns
  A redback (Spider:1)
  A vampire (D:13)
  A shadow (D:12)
  2 trapdoor spiders
  8 deep elf fighters
  A wraith (D:12)
  5 fire elementals
  A hungry ghost (D:9)
  A basilisk (D:14)
  3 fire bats (Orc:3)
  28 yaks
  20 humans (D:13)
  15 wolves
  13 soldier ants
  12 hippogriffs
  5 deep elf magi
  2 wargs
  10 porcupines
  5 ice beasts
  30 orc warriors
  Duvessa (D:7)
  11 water moccasins
  A necrophage (D:8)
  A spider (Spider:1)
  3 hell hounds
  4 sky beasts
  A slave (D:9)
  12 ogres
  8 phantoms
  A wasp (D:11)
  4 black bears
  8 centaurs
  13 crocodiles
  7 elf zombies (Ossuary)
  5 big kobolds
  Dowan (D:7)
  10 giant frogs
  39 killer bees
  4 scorpions
  A wyvern skeleton (D:7)
  5 wights (D:11)
  An electric eel (Lair:1)
  4 crimson imps
  2 wasp zombies
  7 hounds
  18 orc wizards
  3 centaur zombies
  3 jellies
  3 quasits
  2 giant frog zombies
  4 human zombies (Ossuary)
  4 centaur skeletons
  An iron imp (D:9)
  19 orc priests
  4 giant frog skeletons
  41 worker ants
  10 iguanas
  A killer bee zombie (D:10)
  6 sheep
  A hound zombie (D:10)
  3 mummies (Ossuary)
  3 hound skeletons
  Robin (D:2)
  A worker ant zombie (D:11)
  10 gnolls
  59 river rats
  5 shadow imps
  15 adders
  An adder zombie (D:5)
  2 oozes
  An adder skeleton (D:4)
  2 worms (D:4)
  156 orcs
  A ball python (D:4)
  6 giant cockroaches
  23 goblins
  7 hobgoblins
  19 jackals
  30 kobolds
  6 quokkas
  4 bats
  7 giant geckos
  A giant gecko skeleton (D:9)
  3 giant newts
  A quokka skeleton (D:6)
  5 rats
  2 bushes (Lair:7)
  2 fungi
  A plant (Lair:7)
927 creatures vanquished.

Vanquished Creatures (others)
  A fire vortex (D:14)
  22 fungi
  19 plants
42 creatures vanquished.

Grand Total: 969 creatures vanquished

Notes
Turn   | Place    | Note
--------------------------------------------------------------
     0 | D:1      | abraxo the Demonspawn Wanderer began the quest for the Orb.
     0 | D:1      | abraxo set off with: a +2 dagger, a scroll of fear, a potion of curing, a +0 hand axe, a +0 robe, a bread ration
     0 | D:1      | Reached XP level 1. HP: 19/19 MP: 1/1
   555 | D:1      | Gained mutation: You are partially covered in molten scales (AC +1). [demonic ancestry]
   555 | D:1      | Reached XP level 2. HP: 19/25 MP: 2/2
  1142 | D:1      | Gained mutation: You are mostly covered in molten scales (AC +3, EV -1). [demonic ancestry]
  1142 | D:1      | Reached XP level 3. HP: 28/30 MP: 3/3
  1841 | D:2      | Found an iron altar of Okawaru.
  2086 | D:2      | Found a faded altar to an unknown god.
  2115 | D:2      | Reached XP level 4. HP: 19/38 MP: 4/4
  2267 | D:2      | Noticed Robin
  2655 | D:2      | Killed Robin
  2655 | D:2      | Reached skill level 1 in Dodging
  2691 | D:2      | Found a deep blue altar of Sif Muna.
  3220 | D:3      | Found a stormy altar of Qazlal.
  4203 | D:3      | Gained mutation: You are partially covered in sharp spines. [demonic ancestry]
  4203 | D:3      | Reached XP level 5. HP: 7/43 MP: 5/5
  4545 | D:3      | Found a white marble altar of Elyvilon.
  4975 | D:4      | Found a staircase to the Ecumenical Temple.
  5004 | Temple   | Entered the Ecumenical Temple
  5361 | D:4      | Found Cag Zul's Gadget Shop.
  5577 | D:4      | Noticed a phantom
  5598 | D:4      | Reached skill level 5 in Fighting
  5600 | D:4      | Killed a phantom
  5600 | D:4      | Reached XP level 6. HP: 44/51 MP: 2/6
  5729 | D:4      | Noticed a phantom
  5761 | D:4      | Killed a phantom
  6001 | D:5      | Entered Level 5 of the Dungeon
  6073 | D:5      | Found a sand-covered staircase.
  6077 | Ossuary  | Entered an ossuary
  6360 | Ossuary  | Gained mutation: You are completely covered in molten scales (AC +4, EV -1, rF+). [demonic ancestry]
  6360 | Ossuary  | Reached XP level 7. HP: 36/56 MP: 2/7
  6884 | Ossuary  | Reached skill level 6 in Fighting
  7098 | Ossuary  | Reached XP level 8. HP: 46/64 MP: 2/8
  8764 | D:6      | Got a pair of scorched gloves
  8775 | D:6      | Identified the +1 pair of gloves of the Dungeon {rElec} (You found it on level 6 of the Dungeon)
  8862 | D:6      | Found a shattered altar of Ashenzari.
  8897 | D:6      | Reached skill level 5 in Axes
  8897 | D:6      | Reached skill level 5 in Armour
  8948 | D:6      | Reached skill level 7 in Fighting
  9597 | D:6      | Found a stormy altar of Qazlal.
  9603 | D:6      | Gained mutation: You are mostly covered in sharp spines. [demonic ancestry]
  9603 | D:6      | Reached XP level 9. HP: 65/72 MP: 9/9
  9848 | D:6      | Got a dazzling helmet
  9859 | D:6      | Identified the cursed +0 helmet "Qewk" {Int+8 Dex-5} (You found it on level 6 of the Dungeon)
 10047 | D:7      | Reached skill level 5 in Dodging
 10375 | D:7      | Found a glowing silver altar of Zin.
 10688 | D:7      | Noticed Duvessa
 10779 | D:7      | Noticed Dowan
 10779 | D:7      | Killed Duvessa
 10785 | D:7      | Killed Dowan
 11193 | D:7      | Reached skill level 8 in Fighting
 11630 | D:8      | Reached XP level 10. HP: 62/80 MP: 10/10
 12133 | D:8      | Reached skill level 1 in Spellcasting
 12140 | D:8      | Found a blossoming altar of Fedhas.
 12246 | D:9      | Found a basalt altar of Yredelemnul.
 12508 | D:9      | Found an opulent altar of Gozag.
 12517 | D:9      | Became a worshipper of Gozag Ym Sagoz the Greedy
 13225 | D:9      | Noticed Pikel
 13245 | D:9      | Killed Pikel
 13500 | D:9      | Found a snail-covered altar of Cheibriados.
 13552 | D:9      | Found a sparkling altar of Nemelex Xobeh.
 13557 | D:9      | Found a blossoming altar of Fedhas.
 13559 | D:9      | Found a burning altar of Makhleb.
 13663 | D:10     | Entered Level 10 of the Dungeon
 13907 | D:10     | Noticed an unseen horror
 13912 | D:10     | Killed an unseen horror
 13912 | D:10     | Reached skill level 9 in Fighting
 14330 | D:10     | Reached skill level 1 in Shields
 14558 | D:10     | Noticed an unseen horror
 14565 | D:10     | Killed an unseen horror
 14572 | D:10     | Reached XP level 11. HP: 74/88 MP: 15/15
 14727 | D:10     | Noticed a hill giant
 14740 | D:10     | Killed a hill giant
 16355 | D:11     | Found a staircase to the Lair.
 16402 | D:11     | Learned a level 3 spell: Stone Arrow
 16971 | D:11     | Reached skill level 1 in Conjurations
 16971 | D:11     | Reached skill level 1 in Earth Magic
 17099 | D:11     | Noticed Sonja
 17368 | D:11     | Noticed a five-headed hydra
 17388 | D:11     | Killed a five-headed hydra
 18177 | Lair:1   | Entered Level 1 of the Lair of Beasts
 18191 | D:11     | Reached skill level 10 in Fighting
 18201 | D:11     | Reached XP level 12. HP: 60/97 MP: 19/19
 18468 | Lair:1   | Learned a level 2 spell: Repel Missiles
 18918 | Lair:1   | Reached skill level 1 in Air Magic
 18951 | Lair:1   | Got a crude steel ring
 19471 | Lair:2   | Reached skill level 5 in Spellcasting
 19527 | Lair:2   | Identified the ring of False Pretenses {Fire rElec Int+4} (You found it on level 1 of the Lair of Beasts)
 19661 | Lair:2   | Reached skill level 1 in Charms
 19942 | Lair:2   | Noticed a six-headed hydra
 19953 | Lair:2   | Killed a six-headed hydra
 20459 | Lair:3   | Found a hole to the Spider Nest.
 21113 | Lair:4   | Found a staircase to the Swamp.
 21468 | Lair:4   | Gained mutation: You evolve. [potion of beneficial mutation]
 22603 | Lair:5   | Reached skill level 5 in Shields
 23234 | Lair:6   | Reached XP level 13. HP: 97/104 MP: 21/21
 23431 | Lair:6   | Noticed Glider's ghost (journeyman TrMo)
 23503 | Lair:6   | Noticed a five-headed hydra
 24419 | Lair:7   | Identified a scroll of acquirement
 25704 | Lair:7   | Found a viscous altar of Jiyva.
 25704 | Lair:7   | Found a staircase to the Slime Pits.
 26560 | Lair:7   | Killed a five-headed hydra
 27470 | Lair:6   | Reached skill level 11 in Fighting
 28205 | D:12     | Reached XP level 14. HP: 113/113 MP: 23/23
 28577 | D:12     | Learned a level 8 spell: Necromutation
 28641 | D:12     | Found a staircase to the Orcish Mines.
 28742 | D:12     | Reached skill level 5 in Conjurations
 29092 | D:12     | You fall through a shaft for 2 floors!
 29192 | D:14     | Found a flagged portal.
 29221 | D:14     | Reached skill level 1 in Necromancy
 29233 | Bailey   | Entered a bailey
 29416 | Bailey   | Reached skill level 1 in Transmutations
 29633 | D:14     | Noticed Azrael
 29793 | D:12     | Found an iron altar of Okawaru.
 30726 | D:12     | Got an ichor-stained ice dragon armour
 30737 | D:12     | Identified the +7 ice dragon armour "Ewosaunt" {+Fly rElec rF- rC++ MR- rCorr} (You took it off a crimson imp on level 12 of the Dungeon)
 30991 | D:12     | Reached skill level 5 in Earth Magic
 32057 | Orc:1    | Entered Level 1 of the Orcish Mines
 32334 | Orc:2    | Noticed Fannar
 32353 | Orc:1    | Killed Fannar
 32568 | Orc:2    | Found Omoaf's Jewellery Boutique.
 33156 | Orc:3    | Found Zaath's Antique Weapon Shoppe.
 33158 | Orc:3    | Found a staircase to the Elven Halls.
 33193 | Orc:3    | Found Aloly's Book Boutique.
 33204 | Orc:3    | Noticed an orc warlord
 33217 | Orc:3    | HP: 5/113 [orc warlord/long sword (13)]
 33221 | Orc:3    | Found Ameq's Antique Weapon Shop.
 33230 | Orc:3    | Gained mutation: Your system is resistant to poisons. [evolution]
 34032 | Orc:3    | Found Qiejikh's Antique Armour Shop.
 34065 | Orc:3    | Bought an ichor-stained helmet for 313 gold pieces
 34075 | Orc:3    | Identified the +0 helmet of Conscience {rF+ Stlth+} (You bought it in a shop on level 3 of the Orcish Mines)
 34102 | Orc:3    | Killed an orc warlord
 34102 | Orc:3    | Reached skill level 5 in Charms
 34722 | Orc:3    | Bought a runed battleaxe for 201 gold pieces
 35246 | Orc:1    | Reached skill level 10 in Axes
 35326 | D:14     | Noticed Urug
 35335 | D:13     | Killed Azrael
 35335 | D:13     | Reached skill level 10 in Armour
 36151 | D:13     | Got an ancient bronze ring
 36156 | D:13     | Identified the ring of Afrin {Wiz *Drain rC++} (You found it on level 13 of the Dungeon)
 36343 | D:13     | Found a gate to the Vaults.
 36386 | D:13     | Paralysed by a wizard for 7 turns
 36940 | D:13     | Reached XP level 15. HP: 80/119 MP: 25/25
 37458 | D:14     | Found a shimmering altar of Xom.
 37461 | D:14     | Found a shimmering altar of Xom.
 37461 | D:14     | Found a shimmering altar of Xom.
 37634 | D:14     | Noticed Agnes
 37664 | D:14     | Killed Agnes
 38141 | D:14     | Gained mutation: Your skin changes colour to match your surroundings (Stealth). [evolution]
 38143 | D:14     | Killed Urug
 38464 | D:14     | Found a shimmering altar of Xom.
 38649 | D:14     | Found Hacwi Ojozu's Antique Weapon Boutique.
 39282 | Spider:1 | Entered Level 1 of the Spider Nest
 39460 | Spider:1 | Slain by a wolf spider

Action                   |  1- 3 |  4- 6 |  7- 9 | 10-12 | 13-15 || total
-------------------------+-------+-------+-------+-------+-------++-------
Melee: Dagger            |    20 |       |       |    21 |    39 ||    80
       Hand axe          |    95 |   282 |   302 |       |       ||   679
       War axe           |       |       |   140 |   708 |   685 ||  1533
       Broad axe         |       |       |       |       |   227 ||   227
       Battleaxe         |       |       |       |       |   257 ||   257
Evoke: Wand              |       |       |       |       |     1 ||     1
  Use: Scroll            |     2 |     6 |     1 |    15 |    14 ||    38
       Potion            |       |     2 |       |    14 |     7 ||    23
 Stab: Sleeping          |     1 |       |       |       |     3 ||     4
       Distracted        |       |       |       |     9 |    12 ||    21
       Invisible         |       |       |       |     4 |       ||     4
  Eat: Chunk             |     3 |    10 |     8 |     2 |       ||    23
       Fruit             |       |     3 |       |    14 |    20 ||    37
       Pizza             |       |     1 |       |     1 |       ||     2
       Meat ration       |       |       |     2 |     4 |     5 ||    11
       Beef jerky        |       |       |       |     2 |     4 ||     6
       Royal jelly       |       |       |       |       |     1 ||     1
       Bread ration      |       |       |       |       |     1 ||     1
